 Dungeon Crawl Stone Soup version 0.32-a0-798-gfa783ce77f (webtiles) character file.

Game seed: 9762643553332565536

6296 Kenran the Grappler (level 10, -3/88 HPs)
             Began as a Minotaur Alchemist on Mar 21, 2024.
             Was a Believer of Wu Jian.
             Slain by a two-headed ogre
             ... wielding a +0 giant spiked club
              (11 damage)
             ... on level 10 of the Dungeon.
             The game lasted 00:15:14 (8737 turns).

Kenran the Grappler (Minotaur Alchemist)            Turns: 8737, Time: 00:15:14

Health: -3/88      AC: 21    Str: 17    XL:     10   Next: 63%
Magic:  11/11      EV:  3    Int: 12    God:    Wu Jian [**....]
Gold:   558        SH:  6    Dex: 11    Spells: 10/11 levels left

rFire   . .          .
                       - Unarmed
rCold   . . .        t - +0 kite shield
rNeg    . . .        g - +0 plate armour
rPois   .            (helmet restricted)
rElec   .            x - +1 cloak
rCorr   .            e - +1 pair of gloves
SInv    .            m - +1 pair of boots
Will    .....        a - amulet of the acrobat Stlth
                     (no ring)
HPRegen 0.34/turn    (no ring)
MPRegen 0.12/turn

%: acrobat
@: no status effects
A: horns 2, retaliatory headbutt
a: Renounce Religion, Wall Jump


You were on level 10 of the Dungeon.
You worshipped Wu Jian.
Wu Jian was pleased with you.
You visited 2 branches of the dungeon, and saw 11 of its levels.

You collected 558 gold pieces.

Inventory:

Armour
 e - a +1 pair of gloves (worn)
 g - a +0 plate armour (worn)
 m - a +1 pair of boots (worn)
 t - a +0 kite shield (worn)
 x - a +1 cloak (worn)
Jewellery
 a - an amulet of the acrobat (around neck)
Wands
 v - a wand of flame (17)
 w - a wand of iceblast (9)
 y - a wand of digging (4)
 A - a wand of quicksilver (2)
Scrolls
 d - 2 scrolls of poison {!r}
 f - 4 scrolls of teleportation
 i - a scroll of fear {unknown}
 j - 7 scrolls of fog
 k - a scroll of silence {unknown}
 o - 2 scrolls of blinking {unknown}
 p - a scroll of revelation {unknown}
 r - a scroll of enchant armour
 s - a scroll of immolation {!r}
 z - a scroll of brand weapon {unknown}
Potions
 b - 3 potions of magic
 c - 3 potions of curing {@q1}
 h - 3 potions of enlightenment
 l - a potion of might {unknown}
 n - a potion of attraction {unknown}
 q - a potion of mutation {unknown}
 u - a potion of lignification {unknown}
 B - a potion of haste


   Skills:
 + Level 8.2 Fighting
 - Level 10.0 Armour
 - Level 2.1 Dodging
 - Level 1.5 Stealth
 + Level 12.9 Unarmed Combat
 - Level 1.3 Spellcasting
 - Level 0.6 Conjurations
 - Level 2.1 Alchemy


You had 10 spell levels left.
You knew the following spells:

 Your Spells              Type           Power      Damage    Failure   Level
a - Sting                 Conj/Alch      16%        1d4       100%        1

Your spell library contained the following spells:

 Spells                   Type           Power      Damage    Failure   Level
 Necrotise                Necr           0%         1d4       100%        1
 Shock                    Conj/Air       4%         1d3       100%        1
 Slow                     Hex            0%         N/A       100%        1
 Cigotuvi's Dreadful Rot  Necr/Alch/Air  4%         N/A       100%        2
 Mercury Vapours          Alch/Air       6%         N/A       100%        2
 Confusing Touch          Hex            0%         N/A       100%        3
 Mephitic Cloud           Conj/Alch/Air  3%         N/A       100%        3
 Swiftness                Air            0%         N/A       100%        3
 Vampiric Draining        Necr           0%         2d6       100%        3
 Airstrike                Air            0%         2d(0-16)  100%        4
 Ignite Poison            Fire/Alch      3%         N/A       100%        4
 Martyr's Knell           Necr/Summ      0%         N/A       100%        4
 Olgreb's Toxic Radiance  Alch           6%         N/A       100%        4
 Sticky Flame             Fire/Alch      3%         2d4       100%        4
 Curse of Agony           Necr           0%         N/A       100%        5
 Freezing Cloud           Conj/Ice/Air   0%         6-21      100%        5
 Iskenderun's Battlesphe  Conj           2%         2d6       100%        5
 Bombard                  Conj/Erth      0%         9d1       100%        6
 Spellforged Servitor     Conj/Summ      0%         N/A       100%        7


Dungeon Overview and Level Annotations

Branches:
Dungeon (10/15)            Temple (1/1) D:6            Lair (0/5) D:8
    Orc (0/2) D:9

Altars:
Ashenzari
Cheibriados
Dithmenos
Elyvilon
Fedhas
Gozag
Hepliaklqana
Kikubaaqudgha
Makhleb
Nemelex Xobeh
Okawaru
Qazlal
Ru
Sif Muna
Trog
Uskayaw
Vehumet
Wu Jian
Xom
Yredelemnul
Zin
The Shining One

Annotations:
D:8 1 runed translucent door, Pascal76's ghost, novice MiFi


Innate Abilities, Weirdness & Mutations

You have a pair of horns on your head.
You reflexively headbutt those who attack you in melee.


Message History

You barely miss the orc. Your headbutt misses the orc.
The orc is heavily wounded.
You barely miss the orc. You headbutt the orc.
You kill the orc!
The Council accepts your kill.
Aiming: Wall Jump
Press: ? - help, Dir - move target You repeatedly attack the two-headed ogre from above.
The orc wizard shouts!
You hit the two-headed ogre. You headbutt the two-headed ogre.
The two-headed ogre is lightly wounded.
You punch the two-headed ogre!
The two-headed ogre is moderately wounded.
You repeatedly attack the orc wizard from above.
You barely miss the orc wizard. You headbutt the orc wizard!
The orc wizard is severely wounded.
You hit the orc wizard.
You kill the orc wizard!
The Council accepts your kill.
The two-headed ogre hits you with a +0 giant spiked club!!
The two-headed ogre hits you with a +0 giant club!
The two-headed ogre hits you with a +0 giant spiked club.
The two-headed ogre hits you but does no damage.
You punch the two-headed ogre!
You headbutt the two-headed ogre, but do no damage.
The two-headed ogre is moderately wounded.
You block the orc wizard's attack.
You hit the two-headed ogre. You headbutt the two-headed ogre.
The two-headed ogre is heavily wounded.
The orc wizard hits you but does no damage.
The two-headed ogre hits you with a +0 giant spiked club!
The two-headed ogre hits you with a +0 giant club!
* * * LOW HITPOINT WARNING * * *
You punch the two-headed ogre!
The two-headed ogre is severely wounded.
The orc wizard hits you but does no damage.
The two-headed ogre hits you with a +0 giant spiked club!!
* * * LOW HITPOINT WARNING * * *
The two-headed ogre hits you with a +0 giant club!
You die...

#.###.# #.###.# #..<#.#
#############.#### ####
#.............#.. .....
#.#############.####.....
#.#......................
#.#.####......>.###......
#.#.####.#####.O@........
#.#.##..≣≣≣≣≣≣≣≣≣o#..#...
#.#.##.≣..≈≈≈§≈§.≣...#
..#.##.≣.≈...§.≈.≣...#
###.##.≣.≈.≈≈≈.≈.≣...#
.......≣.≈≈...≈≈.≣...#
##.####≣§≈≈.✺.≈≈.≣o..#
#.....≣.§≈...≈≈.≣...#
####.#≣.≈.§≈≈.≈.≣#o..


You could see a two-headed ogre and an orc wizard.

Vanquished Creatures
  A manticore (D:9)
  Maurice (D:8)
  2 elephants (D:7)
  A troll (D:9)
  Prince Ribbit (D:6)
  A hornet (D:9)
  Grinder (D:6)
  A yak (D:8)
  A shadow (D:9)
  A steam dragon (D:6)
  Menkaure (D:5)
  A sky beast (D:6)
  2 black bears
  2 orc warriors
  4 ogres
  2 phantoms
  A centaur (D:8)
  A kobold brigand (D:9)
  6 bullfrogs
  3 scorpions
  10 wights
  13 killer bees
  3 howler monkeys
  A crimson imp (D:5)
  3 bombardier beetles
  A hound (D:6)
  2 jellies
  Terence (D:3)
  2 sleepcaps (D:6)
  An iguana (D:5)
  7 orc wizards
  4 gnolls (D:7)
  5 adders
  A shadow imp (D:8)
  4 white imps
  2 dart slugs
  2 ribbon worms
  25 orcs
  12 ball pythons
  4 endoplasms
  2 giant cockroaches
  5 goblins
  9 hobgoblins
  5 jackals (D:1)
  10 kobolds
  4 quokkas
  6 bats
  4 frilled lizards
  2 rats
184 creatures vanquished.

Notes
Turn   | Place    | Note
-------+----------+-------------------------------------------
     0 | D:1      | Kenran the Minotaur Alchemist began the quest for the Orb.
     0 | D:1      | Reached XP level 1. HP: 14/14 MP: 1/1
   100 | D:1      | Reached skill level 1 in Unarmed Combat
   183 | D:1      | Reached XP level 2. HP: 17/20 MP: 3/3
   185 | D:1      | Reached skill level 2 in Unarmed Combat
   551 | D:1      | You fall into a shaft and drop 1 floor!
   723 | D:2      | Reached skill level 3 in Unarmed Combat
   731 | D:2      | Reached XP level 3. HP: 26/26 MP: 4/4
  1203 | D:3      | Found a faded altar of an unknown god.
  1250 | D:3      | Noticed Terence
  1267 | D:3      | Killed Terence
  1268 | D:3      | Reached skill level 4 in Unarmed Combat
  1268 | D:3      | Reached XP level 4. HP: 9/33 MP: 5/5
  1485 | D:3      | Found a sacrificial altar of Ru.
  1964 | D:4      | Reached skill level 5 in Unarmed Combat
  2335 | D:4      | Noticed a phantom
  2351 | D:4      | Killed a phantom
  2352 | D:4      | Reached skill level 6 in Unarmed Combat
  2352 | D:4      | Reached XP level 5. HP: 33/38 MP: 6/6
  2500 | D:5      | Entered Level 5 of the Dungeon
  2654 | D:5      | Noticed an ogre
  2663 | D:5      | Killed an ogre
  2664 | D:5      | Reached skill level 7 in Unarmed Combat
  2664 | D:5      | Reached XP level 6. HP: 31/45 MP: 7/7
  2811 | D:5      | Noticed Menkaure
  2823 | D:5      | Killed Menkaure
  3038 | D:5      | Reached skill level 8 in Unarmed Combat
  3038 | D:5      | Reached XP level 7. HP: 50/50 MP: 8/8
  3086 | D:5      | Found a burning altar of Makhleb.
  3567 | D:5      | Reached skill level 9 in Unarmed Combat
  3740 | D:6      | Found a staircase to the Ecumenical Temple.
  3750 | Temple   | Entered the Ecumenical Temple
  3782 | Temple   | Became a worshipper of the Wu Jian Council
  3819 | D:6      | Noticed a steam dragon
  3828 | D:6      | Killed a steam dragon
  3906 | D:6      | Reached skill level 10 in Unarmed Combat
  3906 | D:6      | Reached skill level 1 in Armour
  3906 | D:6      | Reached XP level 8. HP: 29/57 MP: 9/9
  4007 | D:6      | Noticed Grinder
  4013 | D:6      | Paralysed by Grinder for 3 turns
  4017 | D:6      | Killed Grinder
  4111 | D:6      | Reached skill level 5 in Armour
  4157 | D:6      | Reached skill level 1 in Fighting
  4419 | D:6      | Noticed Prince Ribbit
  4583 | D:6      | Killed Prince Ribbit
  4584 | D:6      | Reached skill level 5 in Fighting
  4690 | D:6      | Found a hazy altar of Hepliaklqana.
  5073 | D:7      | Reached XP level 9. HP: 68/75 MP: 10/10
  5336 | D:7      | Found an iron altar of Okawaru.
  5430 | D:7      | Reached * piety under Wu Jian
  5650 | D:8      | Found an ancient bone altar of Kikubaaqudgha.
  5650 | D:8      | Found a snail-covered altar of Cheibriados.
  5726 | D:8      | Reached skill level 11 in Unarmed Combat
  5895 | D:8      | Noticed Maurice
  5913 | D:8      | Killed Maurice
  5922 | D:8      | Reached skill level 12 in Unarmed Combat
  6363 | D:8      | Noticed an elephant
  6539 | D:8      | Reached ** piety under Wu Jian
  6555 | D:8      | Noticed an elephant
  6585 | D:7      | Killed an elephant
  6586 | D:7      | Reached XP level 10. HP: 59/83 MP: 11/11
  6733 | D:8      | Found a runed translucent door.
  6734 | D:8      | Noticed Pascal76's ghost (novice MiFi)
  6734 | D:8      | Noticed a deep elf pyromancer
  6755 | D:8      | Found a white marble altar of Elyvilon.
  6825 | D:7      | Killed an elephant
  6826 | D:7      | Reached skill level 10 in Armour
  6977 | D:8      | Found a shadowy altar of Dithmenos.
  7004 | D:8      | Found a staircase to the Lair.
  7396 | D:9      | Found a staircase to the Orcish Mines.
  7529 | D:9      | Identified the +1 helmet of the Sun {rF++}
  8038 | D:9      | Noticed a manticore
  8049 | D:9      | Killed a manticore
  8619 | D:10     | Entered Level 10 of the Dungeon
  8716 | D:10     | Found a radiant altar of Vehumet.
  8724 | D:10     | Noticed a two-headed ogre
  8737 | D:10     | Slain by a two-headed ogre

Illustrated notes

Levels and vault maps discovered:
D:1:      minmay_arrival_loop, layout_basic, minivault_26,
          kennysheep_pointless_box
D:2:      layout_basic, kennysheep_generic_room_16
D:3:      layout_basic, mainiacjoe_overflow_small_starburst,
          dreamdust_ecumenical_altar_angels_and_demons, minmay_misc_feat_room,
          uniq_terence
D:4:      layout_loops_ring
D:5:      layout_gridville, makhleb_grotto_becter, uniq_menkaure
D:6:      layout_basic, general_overflow_altar, minmay_temple_entry_wispy,
          kennysheep_generic_room_11, uniq_grinder, uniq_prince_ribbit1
D:7:      layout_rooms, mainiacjoe_overflow_24_doors, nicolae_tricolors
D:8:      layout_cave_pools, overflow_temple_1_default, slow_altar_1,
          grunt_dithmenos_shadows, elyvilon_altar_1,
          grunt_lair_entry_orc_guard_hut, ebering_ghost_inner_flame,
          uniq_maurice
D:9:      layout_gridville, orc_0_dummy
D:10:     layout_basic, mainiacjoe_overflow_paths, minivault_25
Temple:   oiseaux_autumnal_temple

Skill      XL: |  1  2  3  4  5  6  7  8  9 10 |
---------------+-------------------------------+-----
Unarmed Combat | 1 3 4 6 7 8 10 12 | 12.9
Armour         | 1 6 9 10 | 10.0
Fighting       | 6 8 |  8.2
Dodging        | |  2.1
Stealth        | |  1.5
Spellcasting   | |  1.3
Conjurations   | |  0.6
Alchemy        | |  2.1

Action                     |  1- 3 |  4- 6 |  7- 9 | 10-12 || total
---------------------------+-------+-------+-------+-------++-------
  Melee: Unarmed           |   116 |   130 |   359 |   141 ||   746
         Headbutt          |    23 |    18 |    56 |    28 ||   125
         Punch             |     1 |     3 |     4 |       ||     8
Ability: Lunge             |       |       |    13 |     6 ||    19
         Whirlwind         |       |       |    41 |    43 ||    84
         Wall Jump         |       |       |     3 |    10 ||    13
    Use: Scroll            |     3 |     2 |     1 |     6 ||    12
         Potion            |     1 |       |       |     2 ||     3
 Armour: Robe              |    40 |       |       |       ||    40
         Plate armour      |    41 |   104 |   336 |   162 ||   643
  Dodge: Dodged            |    43 |    29 |    80 |    23 ||   175
  Block: Kite shield       |       |       |    93 |    69 ||   162

Table legend: (Time is in decaauts)
 A = Elapsed time spent in this place.
 B = Non-inter-level travel time spent in this place.
 C = Inter-level travel time spent in this place.
 D = Time resting spent in this place.
 E = Time spent auto-exploring this place.
 F = Levels seen in this place.
 G = Mean time per level.
                   A        B        C        D        E       F      G
               +--------+--------+--------+--------+--------+-----+--------+
         Total |   8692 |   8371 |    321 |   2655 |   3879 |  11 |  790.2 |
       Dungeon |   8627 |   8368 |    259 |   2655 |   3879 |  10 |  862.7 |
        Temple |     64 |      2 |     62 |      0 |      0 |   1 |   64.0 |
               +--------+--------+--------+--------+--------+-----+--------+

Top non-repeatable levels by time:
     D:9: 1400 daAuts
     D:7: 1295 daAuts
     D:5: 1280 daAuts
     D:6: 1084 daAuts
     D:8: 906 daAuts
     D:4: 863 daAuts
     D:2: 630 daAuts
     D:1: 548 daAuts
     D:3: 498 daAuts
    D:10: 118 daAuts
  Temple: 64 daAuts
